 Dungeon Crawl Stone Soup version 0.28.0 (webtiles) character file.

Game seed: 7306446279434763328

53590 BeingJoeMalik the Bludgeoner (level 14, 0/98 HPs)
             Began as a Gargoyle Delver on Feb 9, 2022.
             Was an Initiate of Gozag.
             Incinerated by a deep elf pyromancer (5 damage)
             ... with a sticky flame
             ... on level 13 of the Dungeon.
             The game lasted 01:23:17 (25970 turns).

BeingJoeMalik the Bludgeoner (Gargoyle Delver)     Turns: 25970, Time: 01:23:18

Health: 0/98       AC: 31    Str: 19    XL:     14   Next: 69%
Magic:  14/14      EV: 17    Int: 14    God:    Gozag
Gold:   905        SH:  0    Dex: 13    Spells: 13/13 levels left

rFire   . . .      SeeInvis .   O - +7 morningstar "Munu" {freeze, Stlth+}
rCold   . . .      Faith    .   (no shield)
rNeg    + . .      Spirit   .   z - +6 ring mail "Jierer" {Slay+2}
rPois   ∞          Reflect  .   Q - +2 helmet {Int+3}
rElec   +          Harm     .   r - +2 cloak
rCorr   .          Rampage  .   G - +0 pair of gloves
Will    ++...                   (no boots)
Stlth   ++........              (no amulet)
HPRegen 0.26/turn               P - ring of willpower
MPRegen 0.14/turn               D - +4 ring of evasion

@: on fire, flying, glowing
A: sickness immunity, AC +10, big wings, negative energy resistance 1,
electricity resistance, torment resistance 1, petrification resistance
a: Renounce Religion, Potion Petition, Call Merchant, Bribe Branch


You were on level 13 of the Dungeon.
You worshipped Gozag.
Gozag was pleased with you.
You visited 4 branches of the dungeon, and saw 20 of its levels.
You also visited: Gauntlet.

You collected 2342 gold pieces.
You spent 817 gold pieces at shops.
You paid 620 gold pieces to Gozag.

Inventory:

Hand Weapons
 b - a +4 flail
 l - the +8 shortbow of Extinguishment {speed, rPois}
   (You found it on level 11 of the Dungeon)

   Attacks with this weapon are significantly faster.
   rPois:     It protects you from poison.
 o - a +5 flail of freezing
 O - the +7 morningstar "Munu" (weapon) {freeze, Stlth+}
   (You bought it in a shop on level 4 of the Dungeon)

   It freezes those it strikes, dealing additional cold damage.
   It can also slow down cold-blooded creatures.
   Stlth:     It makes you more stealthy.
Missiles
 s - 18 poisoned darts (quivered)
 w - 13 javelins
 M - a throwing net
 R - 278 arrows
Armour
 h - a +1 ring mail of cold resistance
 n - +0 acid dragon scales
 r - a +2 cloak (worn)
 z - the +6 ring mail "Jierer" (worn) {Slay+2}
   (You found it on level 6 of the Dungeon)

   Slay:      It affects your accuracy & damage with ranged weapons and melee
   (+2).
 B - a +0 kite shield
 G - a +0 pair of gloves (worn)
 Q - a +2 helmet of intelligence (worn)
Jewellery
 a - a ring of positive energy
 j - a ring of resist corrosion
 p - a ring of see invisible
 u - a +6 ring of intelligence
 v - a +6 ring of dexterity
 x - a ring of wizardry
 y - an amulet of regeneration
 D - a +4 ring of evasion (right hand)
 P - a ring of willpower (left hand)
 T - a ring of protection from cold
Wands
 g - a wand of digging (9)
 t - a wand of iceblast (11)
 A - a wand of acid (5)
 F - a wand of paralysis (8)
 K - a wand of flame (13)
 L - a wand of mindburst (11)
Scrolls
 c - 2 scrolls of fog
 d - 2 scrolls of magic mapping
 e - a scroll of fear
 i - 8 scrolls of teleportation
 m - 2 scrolls of amnesia
 C - 3 scrolls of immolation
 I - 2 scrolls of enchant weapon
 N - 9 scrolls of identify
Potions
 f - 2 potions of haste
 k - 4 potions of heal wounds
 q - 4 potions of brilliance
 E - 3 potions of curing
 H - 3 potions of mutation
 J - a potion of resistance


   Skills:
 + Level 15.3 Fighting
 - Level 16.2 Maces & Flails
 * Level 7.8 Bows
 + Level 9.7 Armour
 + Level 6.7 Dodging
 - Level 5.4 Stealth


You had 13 spell levels left.
You didn't know any spells.
Your spell library contained the following spells:

 Spells                   Type           Power      Damage    Failure   Level
 Animate Skeleton         Necr           0%         N/A       41%         1
 Magic Dart               Conj           0%         1d3       41%         1
 Pain                     Necr           0%         1d4       41%         1
 Slow                     Hex            0%         N/A       41%         1
 Call Imp                 Summ           0%         N/A       56%         2
 Corpse Rot               Necr/Air       0%         N/A       56%         2
 Poisonous Vapours        Pois/Air       0%         N/A       56%         2
 Call Canine Familiar     Summ           0%         N/A       80%         3
 Confusing Touch          Hex            0%         N/A       80%         3
 Gell's Gravitas          Tloc           0%         N/A       80%         3
 Inner Flame              Hex/Fire       0%         N/A       80%         3
 Mephitic Cloud           Conj/Pois/Air  0%         N/A       80%         3
 Ozocubu's Armour         Ice            0%         N/A       80%         3
 Summon Guardian Golem    Hex/Summ       0%         N/A       80%         3
 Teleport Other           Tloc           0%         N/A       80%         3
 Vampiric Draining        Necr           0%         2d6       80%         3
 Cause Fear               Hex            0%         N/A       99%         4
 Dispel Undead            Necr           0%         3d6       99%         4
 Fulminant Prism          Conj/Hex       0%         3d6       99%         4
 Iskenderun's Mystic Bla  Conj/Tloc      0%         2d3       99%         4
 Lee's Rapid Deconstruct  Erth           0%         3d5*      100%        5
 Death Channel            Necr           0%         N/A       100%        6
 Dispersal                Tloc           0%         N/A       100%        6
 Borgnjor's Revivificati  Necr           0%         N/A       100%        8
 Discord                  Hex            0%         N/A       100%        8
 Disjunction              Tloc           0%         N/A       100%        8
 Necromutation            Tmut/Necr      0%         N/A       100%        8
 Death's Door             Necr           0%         N/A       100%        9


Dungeon Overview and Level Annotations

Branches:
Dungeon (13/15)            Temple (1/1) D:7            Lair (4/6) D:10
  Swamp (0/4) Lair:4       Spider (0/4) Lair:4          Orc (2/2) D:10
    Elf (0/3) Orc:2        Vaults (0/5) D:13        Gauntlet (visited)

Altars:
Ashenzari
Cheibriados
Dithmenos
Elyvilon
Fedhas
Gozag
Hepliaklqana
Kikubaaqudgha
Makhleb
Nemelex Xobeh
Okawaru
Qazlal
Ru
Sif Muna
Trog
Uskayaw
Vehumet
Wu Jian
Xom
Yredelemnul
Zin
The Shining One

Shops:
D:4 ??([(   D:6 [   Orc:2 :(?[(

Annotations:
D:7 2 transporters
D:12 3 runed translucent doors, GilGalad's ghost, journeyman MiFi
D:13 Rupert


Innate Abilities, Weirdness & Mutations

You are immune to sickness and miasma.
Your stone body is resilient. (AC +10)
You are immune to poison.
Your large and strong wings let you fly.
You resist negative energy. (rN+)
You are resistant to electric shocks. (rElec)
You are resistant to unholy torment.
You are immune to petrification.


Message History

The deep elf pyromancer is heavily wounded.
The fire elemental hits you. The fire elemental burns you!
The fire elemental hits you. The fire elemental burns you!
The fire elemental hits you. The fire elemental burns you!
You miss the deep elf pyromancer.
The deep elf pyromancer is heavily wounded.
The fire elemental misses you. The deep elf pyromancer misses you.
The fire elemental misses you.
The fire elemental completely misses you.
Aiming: Corrosive Bolt
Press: ? - help, Shift-Dir - straight line, f - deep elf pyromancer
Aim: a deep elf pyromancer, wielding a +7 short sword (heavily wounded, 60% to hit)
The bolt of acid misses the deep elf pyromancer.
The fire elemental hits you. The fire elemental burns you!
The fire elemental completely misses you.
The fire elemental closely misses you.
The deep elf pyromancer casts a spell at you.
The sticky flame hits you!
You are covered in liquid flames!
* * * LOW HITPOINT WARNING * * *
Unknown command.
You are covered in liquid flames!
* * * LOW HITPOINT WARNING * * *
The deep elf pyromancer gestures at you while chanting.
The bolt of fire hits the fire elemental.
The fire elemental completely resists.
The bolt of fire hits you.
* * * LOW HITPOINT WARNING * * *
The fire elemental hits you. The fire elemental burns you!
* * * LOW HITPOINT WARNING * * *
The fire elemental hits you. The fire elemental burns you!
* * * LOW HITPOINT WARNING * * *
Unknown command.
Unknown command.
Unknown command.
Blink to where?
Press: ? - help, Dir - move target, p - deep elf pyromancer
As you read the scroll of blinking, it crumbles to dust.
You are covered in liquid flames!
You die...
Your body crumbles into a pile of gold.

.....>....).................###**
[.............................##,
...)....................○e......,
......###[.............EE°....#*,
....####..........[....§E○#..##**
....# #.....)............#*,#
[...# #.................##***
....# ##.....).).....#..###
...)## #.....<..@.....#..#.##
.....####.............#.....##
..#.........).........##.....###
.###....##.............#.......##
## #..).##......#..........#....#
## #.....#....#......#.....#...##
.# ##....)....#..#........###..##
#####......).....#.........###..#
###........)...............##....


You could see a fire elemental (summoned).

Vanquished Creatures
  8 vault guards (D:13)
  3 hydras
  4 boulder beetles
  Harold (D:9)
  A catoblepas (D:13)
  Erica (D:8)
  7 two-headed ogres
  3 orc high priests (Orc:2)
  Urug (D:9)
  5 orc knights
  A lindwurm (Lair:4)
  A deep elf pyromancer (D:12)
  An oklob plant (D:10)
  4 ugly things
  2 cyclopes
  3 orc sorcerers (Orc:2)
  A manticore (D:12)
  Joseph (Lair:1)
  Maurice (D:9)
  A gargoyle (D:9)
  Maggie (D:10)
  A kobold demonologist (D:11)
  3 cane toads
  3 rime drakes
  Psyche (D:9)
  7 komodo dragons
  12 trolls
  A tarantella (Lair:4)
  4 blink frogs (Lair:2)
  A meliai zombie (D:10)
  3 shadows
  2 wraiths
  6 basilisks
  4 wyverns
  51 yaks
  Grum (Lair:1)
  A warg (D:13)
  A floating eye (D:11)
  9 water moccasins
  2 acid dragons
  25 orc warriors
  A black bear (D:7)
  An ice beast (D:5)
  2 necrophages (D:5)
  9 ogres
  12 wolves
  14 centaurs
  A phantom (D:5)
  2 kobold brigands
  7 bullfrogs
  4 scorpions
  A gnoll sergeant (D:9)
  3 jellies
  A water moccasin skeleton (D:4)
  8 killer bees (D:11)
  5 wights (D:8)
  2 howler monkeys (D:13)
  A bullfrog zombie (D:7)
  A bullfrog skeleton (D:4)
  3 centaur zombies
  4 hounds
  17 orc priests
  A centaur skeleton (D:7)
  Jessica (D:2)
  23 orc wizards
  A howler monkey zombie (D:9)
  12 gnolls
  6 adders
  2 adder skeletons (D:4)
  4 dart slugs
  110 orcs
  10 ball pythons
  7 endoplasms
  3 giant cockroaches
  9 goblins
  10 hobgoblins
  3 jackals (D:2)
  3 quokkas
  7 bats
  2 frilled lizards
  12 kobolds
  6 rats
  3 rat zombies (D:3)
523 creatures vanquished.

Vanquished Creatures (collateral kills)
  2 yaks (Lair:3)
2 creatures vanquished.

Vanquished Creatures (others)
  A demonic plant (Gauntlet)
  5 fungi
  10 plants
16 creatures vanquished.

Grand Total: 541 creatures vanquished

Notes
Turn   | Place    | Note
-------+----------+-------------------------------------------
     0 | D:5      | BeingJoeMalik the Gargoyle Delver began the quest for the
                  | Orb.
     0 | D:5      | Reached XP level 1. HP: 14/14 MP: 1/1
    14 | D:5      | Noticed a hound
    23 | D:5      | Noticed an ice beast
    32 | D:5      | Noticed a phantom
   128 | D:5      | Noticed a hound
   139 | D:5      | Noticed a necrophage
   178 | D:4      | Found Wuaw's Weapon Shoppe.
   190 | D:4      | Noticed an ogre
   318 | D:2      | Reached XP level 2. HP: 19/19 MP: 2/2
   411 | D:2      | Reached skill level 3 in Maces & Flails
   752 | D:1      | Reached XP level 3. HP: 22/23 MP: 3/3
  1178 | D:1      | Found a faded altar of an unknown god.
  1217 | D:1      | Prayed at the altar of an unknown god.
  1217 | D:1      | Became a worshipper of Elyvilon the Healer
  1217 | D:1      | Reached * piety under Elyvilon
  1836 | D:2      | Reached skill level 4 in Maces & Flails
  2095 | D:2      | Found a shimmering blue altar of Sif Muna.
  2154 | D:2      | Reached ** piety under Elyvilon
  2172 | D:2      | Reached XP level 4. HP: 28/28 MP: 4/4
  2326 | D:2      | Noticed Jessica
  2811 | D:2      | Killed Jessica
  2954 | D:3      | Reached skill level 5 in Maces & Flails
  3001 | D:3      | Reached XP level 5. HP: 18/32 MP: 5/5
  3422 | D:3      | Found an ancient bone altar of Kikubaaqudgha.
  3510 | D:3      | Noticed a water moccasin
  3530 | D:3      | Killed a water moccasin
  3531 | D:3      | Reached skill level 6 in Maces & Flails
  3531 | D:3      | Reached XP level 6. HP: 14/37 MP: 6/6
  4348 | D:4      | Reached skill level 7 in Maces & Flails
  4972 | D:4      | Found Mace's Weapon Emporium.
  4982 | D:4      | Reached XP level 7. HP: 29/41 MP: 7/7
  5121 | D:4      | Found Fycam's Antique Armour Emporium.
  5145 | D:4      | Reached *** piety under Elyvilon
  5197 | D:4      | Reached skill level 8 in Maces & Flails
  5385 | D:4      | Found Gohif's Magic Scroll Emporium.
  5422 | D:4      | Found Kanuklib's Magic Scroll Shop.
  5496 | D:4      | Found a shadowy altar of Dithmenos.
  5634 | D:4      | Found a sacrificial altar of Ru.
  5866 | D:5      | Reached XP level 8. HP: 48/48 MP: 8/8
  5965 | D:5      | Reached skill level 9 in Maces & Flails
  6410 | D:5      | Reached skill level 5 in Fighting
  6484 | D:5      | Reached skill level 10 in Maces & Flails
  6602 | D:5      | Found a glowing golden altar of the Shining One.
  7073 | D:6      | Reached **** piety under Elyvilon
  7081 | D:6      | Noticed a komodo dragon
  7288 | D:6      | Found Roczu's Antique Armour Emporium.
  7351 | D:6      | Identified the +6 ring mail "Jierer" {Slay+2}
  7681 | D:6      | Reached skill level 1 in Armour
  7785 | D:6      | Reached XP level 9. HP: 52/54 MP: 9/9
  8367 | D:7      | Reached ***** piety under Elyvilon
  8589 | D:7      | Found a staircase to the Ecumenical Temple.
  8598 | Temple   | Entered the Ecumenical Temple
  8700 | D:7      | Found a transporter.
  8704 | D:7      | Noticed a kobold demonologist
  8731 | D:7      | Reached skill level 11 in Maces & Flails
  8817 | D:7      | Found a transporter.
  9057 | D:8      | Found a shimmering altar of Xom.
  9327 | D:8      | Found a glowing silver altar of Zin.
  9327 | D:8      | Noticed an angel
 10048 | D:9      | Noticed Erica
 10145 | D:9      | Reached skill level 12 in Maces & Flails
 10154 | D:8      | Killed Erica
 10155 | D:8      | Reached XP level 10. HP: 32/61 MP: 10/10
 10428 | D:9      | Noticed a two-headed ogre
 10441 | D:9      | Killed a two-headed ogre
 10604 | D:9      | Noticed Maurice
 10628 | D:9      | Killed Maurice
 10629 | D:9      | Reached skill level 13 in Maces & Flails
 10738 | D:9      | Noticed Harold
 10948 | D:9      | Found a blossoming altar of Fedhas.
 11130 | D:9      | Noticed a two-headed ogre
 11143 | D:9      | Killed a two-headed ogre
 11144 | D:9      | Reached skill level 14 in Maces & Flails
 11144 | D:9      | Reached XP level 11. HP: 48/67 MP: 11/11
 11359 | D:9      | Noticed Psyche
 11371 | D:9      | Killed Psyche
 11588 | D:10     | Entered Level 10 of the Dungeon
 11620 | D:10     | Found a staircase to the Lair.
 11622 | D:10     | Noticed an oklob plant
 11684 | D:10     | Killed an oklob plant
 11735 | D:10     | Found a stormy altar of Qazlal.
 11737 | D:10     | Noticed Maggie
 11763 | D:10     | Killed Maggie
 11932 | D:10     | Found a broken altar of Ashenzari.
 12000 | D:9      | Killed Harold
 12001 | D:9      | Reached skill level 15 in Maces & Flails
 12257 | D:10     | Found a staircase to the Orcish Mines.
 12262 | D:10     | Reached skill level 5 in Armour
 12608 | D:10     | Noticed Urug
 12740 | D:4      | Bought the +7 morningstar "Munu" {freeze, Stlth+} for 572
                  | gold pieces
 12793 | D:4      | Bought a scroll of torment for 97 gold pieces
 12967 | D:9      | Killed Urug
 13287 | Lair:1   | Entered Level 1 of the Lair of Beasts
 13446 | Lair:1   | Reached ****** piety under Elyvilon
 13525 | Lair:1   | Noticed Grum
 13603 | Lair:1   | Killed Grum
 13789 | Lair:1   | Noticed Joseph
 13797 | Lair:1   | Killed Joseph
 14431 | Lair:2   | Noticed a seven-headed hydra
 14495 | Orc:1    | Entered Level 1 of the Orcish Mines
 14506 | Orc:1    | Reached skill level 16 in Maces & Flails
 14664 | Orc:1    | Reached XP level 12. HP: 70/76 MP: 12/12
 15047 | Orc:2    | Entered Level 2 of the Orcish Mines
 15260 | D:11     | Identified the +8 shortbow of Extinguishment {speed, rPois}
 15303 | D:11     | Reached skill level 1 in Bows
 15753 | D:11     | Reached skill level 10 in Fighting
 15844 | D:11     | You fall into a shaft and drop 2 floors!
 15845 | D:13     | Noticed Rupert
 15845 | D:13     | Noticed a catoblepas
 15850 | D:13     | Paralysed by Rupert for 7 turns
 15854 | D:13     | Noticed a vault guard
 15856 | D:13     | Noticed a vault guard
 15867 | D:13     | Noticed a boulder beetle
 16136 | D:12     | Found a gate leading to a gauntlet.
 16154 | Gauntlet | Entered a Gauntlet
 16154 | Gauntlet | Found a transporter.
 16160 | Gauntlet | Found a transporter.
 16164 | Gauntlet | Found a transporter.
 16170 | Gauntlet | Found a transporter.
 16179 | Gauntlet | Found a transporter.
 16182 | Gauntlet | Found a transporter.
 16188 | Gauntlet | Found a transporter.
 16196 | Gauntlet | Found a transporter.
 16200 | Gauntlet | Found a transporter.
 16206 | Gauntlet | Found a transporter.
 16215 | Gauntlet | Found a transporter.
 16218 | Gauntlet | Found a transporter.
 16224 | Gauntlet | Found a transporter.
 16232 | Gauntlet | Found a transporter.
 17723 | Orc:2    | Found a staircase to the Elven Halls.
 17806 | Orc:2    | Found Yreir's Antique Weapon Boutique.
 18133 | Orc:2    | Noticed an orc high priest
 18184 | Orc:2    | Noticed an orc high priest
 18190 | Orc:2    | Paralysed by an orc sorcerer for 4 turns
 18305 | Orc:2    | Noticed a soul eater
 18305 | Orc:2    | Killed an orc high priest
 18314 | Orc:2    | Noticed an orc high priest
 18320 | Orc:2    | Killed an orc high priest
 18320 | Orc:2    | Noticed a soul eater
 18349 | Orc:2    | Reached XP level 13. HP: 73/84 MP: 13/13
 18454 | Orc:2    | Reached skill level 5 in Dodging
 18493 | Orc:2    | Found Qorere's Armour Shoppe.
 18493 | Orc:2    | Found Yfubair's Book Shop.
 18495 | Orc:2    | Found Xurchoelu's Magic Scroll Shoppe.
 18495 | Orc:2    | Found Jeilun's Antique Weapon Shop.
 19039 | D:11     | Reached skill level 5 in Bows
 20818 | D:12     | Found a runed translucent gate.
 20819 | D:12     | Found a runed translucent gate.
 20820 | D:12     | Found a runed translucent gate.
 20868 | D:12     | Noticed GilGalad's ghost (journeyman MiFi)
 21212 | D:13     | Noticed a vault guard
 21528 | Lair:2   | Found a basalt altar of Yredelemnul.
 21869 | Lair:2   | Gained mutation: Your large and strong wings let you fly.
                  | [Gargoyle growth]
 21869 | Lair:2   | Reached XP level 14. HP: 95/95 MP: 14/14
 22497 | Temple   | Fell from the grace of Elyvilon
 22497 | Temple   | Became a worshipper of Gozag Ym Sagoz the Greedy
 23675 | Lair:4   | Found a hole to the Spider Nest.
 23952 | Lair:4   | Noticed a dire elephant
 24004 | Lair:4   | Found a staircase to the Swamp.
 24463 | D:6      | Bought a fine robe for 148 gold pieces
 24463 | D:6      | Identified the +2 robe "Xyolubb" {Int+9} (You bought it in
                  | a shop on level 6 of the Dungeon)
 25036 | D:13     | Reached skill level 15 in Fighting
 25275 | D:13     | Got Sif Muna's Handbook of the Creative Glacier
 25281 | D:13     | Found a gate to the Vaults.
 25970 | D:13     | Incinerated by a deep elf pyromancer

Illustrated notes

Levels and vault maps discovered:
D:1:      dpeg_arrival_radiant, layout_basic, chequers_ecumenical_altar_island,
          minmay_misc_feat_rows
D:2:      layout_basic, basic_altar, hex_intersection, guppyfry_early_orc_mine,
          uniq_jessica
D:3:      layout_loops_ring, lemuel_zombie_altar_kikubaaqudgha
D:4:      layout_gridville, lemuel_doored_altar, marbit_many_paths,
          serial_shops, nicolae_shop_statue_plus, nicolae_shop_stone,
          nicolae_shop_bloodbath_and_beyond, shop, shop
D:5:      nicolae_cairo_tiling_large_dashed, layout_basic, kennysheep_little_box
D:6:      layout_gridville, serial_shops, nicolae_diamond_shop,
          grunt_decor_resistance
D:7:      gammafunk_wand_slinger, layout_basic, minmay_temple_entry_antechambers
D:8:      layout_basic, brannock_xom_greatest_gift, zin_angel
D:9:      layout_loops_ring, fedhas_altar_3, uniq_erica, uniq_maurice,
          uniq_psyche, uniq_harold
D:10:     layout_irregular_city, mainiacjoe_overflow_cross_hatched,
          kennysheep_mini, dpeg_oklobed_lair, hiddenorc2_lemuel, uniq_urug,
          uniq_maggie
D:11:     layout_stronghold, minmay_misc_feat_roman, onia_ninara_cookie
D:12:     layout_small_grid, gauntlet_entry_generic,
          gammafunk_ghost_nasty_kobolds
D:13:     layout_cave_pools, erik_vaults_2, serial_shops, shop_fountains,
          uniq_rupert
Temple:   cyrus_circular_temple
Lair:1:   layout_regular_city, serial_bayou_shore_b, lemuel_fruit_tree,
          infiniplex_staircase_pool_2, uniq_joseph, uniq_grum
Lair:2:   layout_small_grid, basic_altar, serial_bayou_shore_a
Lair:3:   layout_roguey, grunt_megastairs_2
Lair:4:   nzn_winding_woodlands_stair_trap [nzn_winding_woodlands_5x15_cabin,
          nzn_winding_woodlands_5x15_eye, nzn_winding_woodlands_5x15_zeroes,
          nzn_winding_woodlands_15x15_eel_pit,
          nzn_winding_woodlands_5x15_longhouse,
          nzn_winding_woodlands_5x15_lazy_stream,
          nzn_winding_woodlands_5x15_jagged], layout_loops_ring, swamp_mist,
          spider_nest_entry_rubble, wad_woods_road_03, serial_bayou_shore_b,
          serial_bayou_shore_b
Orc:1:    layout_diamond_mine, mines1_david, uniq_jorgrun, uniq_sonja
Orc:2:    grunt_orc_tribal_feast, layout_caves, serial_shops,
          nicolae_lakefront_shop

Skill      XL: |  1  2  3  4  5  6  7  8  9 10 11 12 13 14 |
---------------+-------------------------------------------+-----
Maces & Flails | 3 4 5 6 7 8 10 12 14 16 | 16.2
Fighting       | 4 5 6 7 9 11 13 15 | 15.3
Armour         | 1 4 5 7 8 9 |  9.7
Dodging        | 2 3 4 6 |  6.7
Bows           | 4 6 7 |  7.8
Stealth        | |  5.4

Action                   |  1- 3 |  4- 6 |  7- 9 | 10-12 | 13-15 || total
-------------------------+-------+-------+-------+-------+-------++-------
Melee: Mace              |   134 |   181 |       |       |       ||   315
       Punch             |       |     4 |     2 |     8 |     6 ||    20
       Flail             |       |    16 |   346 |   190 |       ||   552
       Morningstar       |       |       |       |   392 |   510 ||   902
 Fire: Shortbow          |       |       |       |       |     3 ||     3
Throw: Dart              |       |    15 |    20 |    59 |    16 ||   110
       Throwing net      |       |       |     1 |       |       ||     1
Evoke: Wand              |       |       |     3 |    10 |     1 ||    14
  Use: Scroll            |       |       |    14 |     4 |     3 ||    21
       Potion            |       |       |     1 |     2 |       ||     3
 Stab: Sleeping          |     3 |     3 |     6 |     2 |    14 ||    28
       Distracted        |     1 |       |       |     3 |     2 ||     6
       Held in net/web   |       |       |     1 |       |       ||     1
Armor: Ring mail         |    63 |    94 |   140 |   244 |   206 ||   747
Dodge: Dodged            |    71 |    98 |   160 |   260 |   313 ||   902
